 Dungeon Crawl Stone Soup version 0.29.0-15-g675c0067aa (webtiles) character file.

Game seed: 16293456784777365850

65 Powertoast the Magician (level 4, -3/30 HPs)
             Began as a Human Hedge Wizard on Sept 12, 2022.
             Engulfed by a cloud of flame (18 damage)
             ... on level 1 of the Dungeon.
             The game lasted 00:11:30 (2761 turns).

Powertoast the Magician (Human Hedge Wizard)        Turns: 2761, Time: 00:11:31

Health: -3/30      AC:  3    Str: 10    XL:     4   Next: 34%
Magic:  4/8        EV: 12    Int: 16    God:
Gold:   79         SH:  0    Dex: 13    Spells: 2/9 levels left

rFire   . . .      SeeInvis .   a - +1 short sword (drain)
rCold   . . .      Faith    .   (no shield)
rNeg    . . .      Spirit   .   t - +0 robe
rPois   .          Reflect  .   l - +0 helmet
rElec   .          Harm     .   (no cloak)
rCorr   .          Rampage  .   (no gloves)
Will    .....                   (no boots)
Stlth   ++........              (no amulet)
HPRegen 0.10/turn               (no ring)
MPRegen 0.11/turn               (no ring)

@: on blink cooldown, very slightly contaminated
A: no striking features
a: no special abilities


You were on level 1 of the Dungeon.
You visited 1 branch of the dungeon, and saw 3 of its levels.

You collected 79 gold pieces.

Inventory:

Hand Weapons
 a - a +1 short sword of draining (weapon)
 b - a +2 dagger of holy wrath
 h - a +0 dagger
 s - a +0 short sword
Missiles
 r - 3 poisoned darts
Armour
 c - a +0 hat
 l - a +0 helmet (worn)
 t - a +0 robe (worn)
Magical Staves
 n - a staff of earth
Scrolls
 e - a scroll of poison {unknown}
 g - a scroll of vulnerability {unknown}
 j - a scroll of torment {unknown}
 o - 2 scrolls of blinking
 p - a scroll of teleportation {unknown}
 u - a scroll of immolation {unknown}
Potions
 d - a potion of magic
 f - 2 potions of might
 k - a potion of mutation
 m - a potion of attraction {unknown}
 q - a potion of heal wounds {unknown}


   Skills:
 - Level 2.0 Dodging
 - Level 2.0 Stealth
 - Level 3.0 Spellcasting
 * Level 2.5 Conjurations
 - Level 1.0 Summonings
 - Level 1.0 Translocations
 + Level 1.7 Air Magic
 + Level 1.6 Poison Magic


You had 2 spell levels left.
You knew the following spells:

 Your Spells              Type           Power      Damage    Failure   Level
a - Magic Dart            Conj           40%        1d5       6%          1
b - Slow                  Hex            8%         N/A       19%         1
c - Blink                 Tloc           10%        N/A       19%         2
d - Mephitic Cloud        Conj/Pois/Air  8%         N/A       26%         3

Your spell library contained the following spells:

 Spells                   Type           Power      Damage    Failure   Level
 Call Imp                 Summ           5%         N/A       19%         2
 Conjure Flame            Conj/Fire      6%         6-21      32%         3


Dungeon Overview and Level Annotations

Branches:
Dungeon (3/15)

Altars:


Message History

The worm bites you.
You hit the worm. You drain the worm.
The worm is moderately wounded.
The worm barely misses you.
You barely miss the worm.
The worm is moderately wounded.
You hit the worm. You drain the worm.
The worm is heavily wounded.
The worm barely misses you.
You hit the worm. You drain the worm.
The worm is almost dead.
The worm barely misses you.
You hit the worm.
You kill the worm!
You start resting.
Magic restored.
You start resting.
HP restored.
You can't go up here!
(D) Dungeon
Where to? (Enter - D:3, ? - help)
You see here a worm corpse.
There is a stone staircase leading up here.
You climb upwards.
There is a stone staircase leading down here.
Casting: Mephitic Cloud (quite dangerous; 26% risk of failure)
Confirm with . or Enter, or press ? or * to list all spells.
You miscast Blink.
You are very lightly contaminated with residual magic.
Nothing appears to happen.
Casting: Blink (safe; 19% risk of failure)
Confirm with . or Enter, or press ? or * to list all spells.
You blink.
You are engulfed in blazing flames.
Ouch! That really hurt!
Casting: Blink (safe; 19% risk of failure)
Confirm with . or Enter, or press ? or * to list all spells.
You are still too unstable to blink.
You are engulfed in blazing flames.
Ouch! That really hurt!
You die...

##..# #.# #.##.# #..#
#.# #.##.# #..# #.#
##.##.# #..####.###
#...#.# #..##.....#
#.#...##### ######...##
##........# #○§☼#
####.###.# #§§○# #.# #.#
#§@§# #.# #.## #...#####
#.# #... ..=....☼§.###.#
####
§§§..$?..§...##.######
#.......$.§§............
######...###############
#.§.# #.§§# #○☼☼#


There were no monsters in sight!

Vanquished Creatures
  An adder (D:2)
  3 worms (D:2)
  A dart slug (D:2)
  An endoplasm (D:1)
  5 goblins
  3 hobgoblins
  4 jackals (D:1)
  7 kobolds
  3 quokkas
  5 ball pythons
  4 bats
  2 frilled lizards
  4 rats
43 creatures vanquished.

Notes
Turn   | Place    | Note
-------+----------+-------------------------------------------
     0 | D:1      | Powertoast the Human Hedge Wizard began the quest for the
                  | Orb.
     0 | D:1      | Reached XP level 1. HP: 13/13 MP: 4/4
   125 | D:1      | Reached XP level 2. HP: 17/19 MP: 0/6
   373 | D:1      | Reached skill level 1 in Air Magic
   373 | D:1      | Reached skill level 1 in Poison Magic
   439 | D:1      | Learned a level 1 spell: Slow
   442 | D:1      | Learned a level 2 spell: Blink
   806 | D:1      | Reached XP level 3. HP: 24/24 MP: 3/7
   810 | D:1      | Learned a level 3 spell: Mephitic Cloud
  2149 | D:2      | Reached XP level 4. HP: 30/30 MP: 5/8
  2761 | D:1      | Engulfed by a cloud of flame

Illustrated notes

Levels and vault maps discovered:
D:1:      lightli_molten_gateway, layout_loops_ring, lemuel_flame_loot_1
D:2:      layout_basic, ebering_dispersal_statue_hall, minmay_split_cup_large
D:3:      layout_basic, nicolae_tso_carved_into_rock,
          mainiacjoe_overflow_24_doors

Skill      XL: |  1  2  3 |
---------------+----------+-----
Air Magic      | 1 |  1.7
Poison Magic   | 1 |  1.6
Conjurations   | 2 |  2.5
Dodging        | |  2.0
Stealth        | |  2.0
Spellcasting   | |  3.0
Summonings     | |  1.0
Translocations | |  1.0

Action                   |  1- 3 |  4- 6 || total
-------------------------+-------+-------++-------
Melee: Dagger            |    21 |       ||    21
       Short sword       |     6 |    18 ||    24
 Cast: Magic Dart        |    79 |    15 ||    94
       Mephitic Cloud    |       |     2 ||     2
       Blink             |       |     1 ||     1
  Use: Scroll            |       |     3 ||     3
Armor: Robe              |     8 |       ||     8
Dodge: Dodged            |    20 |     7 ||    27
